 Dungeon Crawl Stone Soup version 0.28-b1-25-g9875b3fc8c (webtiles) character file.

Game seed: 15010791748261983358

3677 sanka the Nimble (level 10, -7/60 HPs)
             Began as a Tengu Enchanter on Feb 5, 2022.
             Was a Believer of Vehumet.
             Mangled by Harold (13 damage)
             ... on level 7 of the Dungeon.
             The game lasted 00:14:42 (9080 turns).

sanka the Nimble (Tengu Enchanter)                  Turns: 9080, Time: 00:14:43

Health: -7/60      AC:  5    Str: 10    XL:     10   Next: 13%
Magic:  3/17       EV: 20    Int: 19    God:    Vehumet [**....]
Gold:   247        SH:  0    Dex: 14    Spells: 8/17 levels left

rFire   . . .      SeeInvis .   i - +3 short sword
rCold   + . .      Faith    .   (no shield)
rNeg    . . .      Spirit   .   m - +2 robe {Archmagi}
rPois   .          Reflect  .   (helmet restricted)
rElec   .          Harm     .   (no cloak)
rCorr   .          Rampage  .   n - +0 pair of gloves {infuse}
Will    .....      Archmagi +   (boots unavailable)
Stlth   ++........              (no amulet)
HPRegen 0.20/turn               C - ring of wizardry
MPRegen 0.15/turn               u - ring of protection from cold

@: marked, flying quickly and evasively, quick
A: beak, talons 3, nimble flight
a: Renounce Religion


You were on level 7 of the Dungeon.
You worshipped Vehumet.
Vehumet was pleased with you.
You visited 1 branch of the dungeon, and saw 8 of its levels.

You collected 396 gold pieces.
You spent 149 gold pieces at shops.

Inventory:

Hand Weapons
 a - a +1 dagger
 d - a +0 quarterstaff
 i - a +3 short sword (weapon)
Armour
 m - a +2 robe of the Archmagi (worn)
 n - a +0 pair of gloves of infusion (worn)
Jewellery
 u - a ring of protection from cold (right hand)
 x - a ring of positive energy
 C - a ring of wizardry (left hand)
 E - a ring of protection from cold
Wands
 o - a wand of flame (10)
 p - a wand of iceblast (14)
 y - a wand of charming (10)
 A - a wand of acid (6)
 G - a wand of mindburst (21)
Scrolls
 b - 2 scrolls of enchant armour {unknown}
 c - a scroll of acquirement {unknown}
 e - a scroll of fear {unknown}
 g - 3 scrolls of vulnerability {unknown}
 h - a scroll of holy word {unknown}
 k - 4 scrolls of teleportation {unknown}
 l - 3 scrolls of identify {unknown}
 t - a scroll of amnesia {unknown}
 B - a scroll of noise {unknown}
 F - 2 scrolls of blinking {unknown}
 H - a scroll of fog {unknown}
 K - a scroll of enchant weapon {unknown}
 L - 2 scrolls of immolation {unknown}
Potions
 f - a potion of might {unknown}
 j - a potion of mutation {unknown}
 q - a potion of curing {unknown}
 r - a potion of cancellation {unknown}
 s - a potion of haste {unknown}
 v - a potion of resistance {unknown}
 w - 2 potions of degeneration {unknown}
 z - a potion of ambrosia {unknown}
 D - 2 potions of heal wounds {unknown}
 I - a potion of lignification {unknown}
 J - 3 potions of attraction {unknown}


   Skills:
 - Level 6.0 Fighting
 - Level 1.1 Short Blades
 - Level 10.0 Dodging
 - Level 3.0 Stealth
 + Level 4.3 Spellcasting
 + Level 9.8 Conjurations
 - Level 2.1 Hexes
 + Level 4.0 Air Magic


You had 8 spell levels left.
You knew the following spells:

 Your Spells              Type           Power      Damage    Failure   Level
a - Dazzling Flash        Conj/Hex       80%        N/A       1%          3
b - Foxfire               Conj/Fire      100%       2x1d9     1%          1
c - Freezing Cloud        Conj/Ice/Air   16%        6-21      22%         5

Your spell library contained the following spells:

 Spells                   Type           Power      Damage    Failure   Level
 Static Discharge         Conj/Air       45%        N/A       1%          2
 Ensorcelled Hibernation  Hex/Ice        24%        N/A       5%          2
 Confusing Touch          Hex            18%        N/A       6%          3
 Tukima's Dance           Hex            18%        N/A       6%          3
 Olgreb's Toxic Radiance  Pois           6%         N/A       45%         4
 Simulacrum               Ice/Necr       3%         N/A       100%        6
 Ozocubu's Refrigeration  Ice            3%         4d5       100%        7
 Ignition                 Fire           3%         3d4       100%        8
 Polar Vortex             Ice            3%         N/A       100%        9


Dungeon Overview and Level Annotations

Branches:
Dungeon (8/15)             Temple (0/1) D:5
   Lair: D:8-11

Altars:
Ashenzari
Dithmenos
Elyvilon
Kikubaaqudgha
Ru
Uskayaw
Vehumet
Yredelemnul

Shops:
D:1 [

Annotations:
D:2 Sigmund
D:3 Grinder
D:5 3 runed translucent doors, sanka's ghost, novice DjCA
D:6 2 transporters, Jazqba's ghost, novice HOIE
D:7 Harold


Innate Abilities, Weirdness & Mutations

You have a beak for a mouth.
You have claws for feet.
Your magical nature lets you fly swiftly and evasively.


Message History

Harold fires a harpoon shot at you. The harpoon shot misses you.
Harold points at you and mumbles some strange words.
A sentinel's mark forms upon you. Harold fires a harpoon shot at you.
The harpoon shot hits you!!
* * * LOW HITPOINT WARNING * * *
You are yanked forward by the harpoon shot.
Harold fires a harpoon shot at you. The harpoon shot misses you.
Okay, then.
Aiming: Corrosive Bolt
Press: ? - help, Shift-Dir - straight line, f - Harold
Aim: Harold, wielding a +5 vorpal war axe and wearing a +0 scale mail (lightly wounded, 83% to hit)
The bolt of acid hits Harold!
The acid corrodes Harold!
Harold is heavily wounded.
Harold casts a spell at you. The mark upon you grows brighter.
Unknown command.
Aiming: Corrosive Bolt
Press: ? - help, Shift-Dir - straight line, f/p - Harold
Aim: Harold, wielding a +5 vorpal war axe and wearing a +0 scale mail (moderately wounded, covered in acid, 83% to hit)
The bolt of acid hits Harold!
Harold seems to be corroded for longer.
Harold is heavily wounded.
Aiming: Corrosive Bolt
Press: ? - help, Shift-Dir - straight line, f/p - Harold
Aim: Harold, wielding a +5 vorpal war axe and wearing a +0 scale mail (heavily wounded, covered in acid, 83% to hit)
The bolt of acid hits Harold!
Harold is severely wounded.
Harold hits you with a +5 vorpal war axe!
* * * LOW HITPOINT WARNING * * *
x2 Unknown command.
Aiming: Corrosive Bolt
Press: ? - help, Shift-Dir - straight line, f/p - Harold
Aim: Harold, wielding a +5 vorpal war axe and wearing a +0 scale mail (severely wounded, covered in acid, 83% to hit)
The bolt of acid hits Harold!
Harold seems to be corroded for longer.
Harold is almost dead.
Harold looks eager to get this over with.
Harold hits you with a +5 vorpal war axe!
You die...

##.## ##.########## ..##
##.........# ##.## ##.########.#
##.###..# #.# ######## #...#...##
#.# ##....... ##..#.#...# #.#
#........ ..........#
####.#######.)###### ##..#.#...#
#.............#
.[......######..@@......####
#.###.#............##############
#.###.###########..# #...........
#.##..# #..###.########## #.##.##
#..#.....# # #.##.# #..#.###.####
# #.##.# #....# #....##### #.##.#
##.#.###.##...... ..##.#
#.#..)..##..####


You could see Harold (corroded).

Vanquished Creatures
  A hydra (D:7)
  A troll (D:8)
  4 yaks (D:6)
  A water moccasin (D:6)
  An orc warrior (D:7)
  2 ice beasts
  2 black bears
  2 ogres (D:4)
  A wolf (D:8)
  A phantom (D:6)
  5 bullfrogs
  A water moccasin zombie (D:5)
  3 scorpions
  4 killer bees (D:8)
  An electric eel (D:7)
  A bullfrog zombie (D:7)
  2 centaur zombies
  3 hounds
  A jelly (D:7)
  Jessica (D:2)
  A gnoll shaman (D:8)
  5 iguanas
  2 orc wizards (D:7)
  Robin (D:1)
  A howler monkey zombie (D:7)
  5 gnolls (D:8)
  3 adders
  A white imp (D:5)
  An ufetubus (D:5)
  2 dart slugs
  6 orcs
  7 ball pythons
  2 bats (D:1)
  7 endoplasms
  3 giant cockroaches
  15 goblins
  10 hobgoblins
  4 jackals
  6 kobolds
  5 quokkas
  4 frilled lizards
  3 rats
132 creatures vanquished.

Vanquished Creatures (collateral kills)
  6 foxfires (D:7)
6 creatures vanquished.

Vanquished Creatures (others)
  311 foxfires
  4 plants (D:7)
315 creatures vanquished.

Grand Total: 453 creatures vanquished

Notes
Turn   | Place    | Note
-------+----------+-------------------------------------------
     0 | D:1      | sanka the Tengu Enchanter began the quest for the Orb.
     0 | D:1      | Reached XP level 1. HP: 10/10 MP: 4/4
   351 | D:1      | Reached skill level 1 in Fighting
   351 | D:1      | Reached XP level 2. HP: 14/16 MP: 6/6
   569 | D:1      | Reached skill level 3 in Dodging
   618 | D:1      | Reached XP level 3. HP: 14/21 MP: 7/7
   740 | D:1      | Found Cute Lussi's Armour Emporium.
  1141 | D:2      | Noticed Sigmund
  1214 | D:2      | Noticed Robin
  1397 | D:1      | Killed Robin
  1503 | D:2      | Reached XP level 4. HP: 21/26 MP: 8/8
  1826 | D:2      | Noticed Jessica
  1832 | D:2      | Killed Jessica
  2012 | D:2      | Reached skill level 4 in Dodging
  2827 | D:3      | Learned a level 3 spell: Dazzling Flash
  2859 | D:3      | Found a hide-covered altar of Uskayaw.
  2859 | D:3      | Found a radiant altar of Vehumet.
  2872 | D:3      | Became a worshipper of Vehumet
  2963 | D:1      | Bought a +0 pair of gloves of infusion for 149 gold pieces
  3249 | D:3      | Noticed Grinder
  3265 | D:3      | Paralysed by Grinder for 2 turns
  3300 | D:4      | Gained mutation: Your magical nature lets you fly swiftly
                  | and evasively. [Tengu growth]
  3300 | D:4      | Reached XP level 5. HP: 30/32 MP: 5/9
  3632 | D:4      | Noticed an ogre
  3719 | D:4      | Found an ancient bone altar of Kikubaaqudgha.
  3720 | D:4      | Found a shadowy altar of Dithmenos.
  3722 | D:4      | Found a sacrificial altar of Ru.
  3728 | D:4      | Killed an ogre
  3729 | D:4      | Reached skill level 5 in Dodging
  3729 | D:4      | Reached XP level 6. HP: 38/38 MP: 10/10
  4032 | D:4      | Noticed a black bear
  4123 | D:4      | Reached * piety under Vehumet
  4123 | D:4      | Offered knowledge of Foxfire by Vehumet.
  4143 | D:4      | Learned a level 1 spell: Foxfire
  4201 | D:4      | Killed a black bear
  4202 | D:4      | Reached XP level 7. HP: 44/44 MP: 9/11
  4447 | D:5      | Entered Level 5 of the Dungeon
  4651 | D:5      | Found a runed translucent gate.
  4652 | D:5      | Found a runed translucent gate.
  4809 | D:5      | Reached skill level 5 in Conjurations
  4948 | D:5      | Found a runed translucent gate.
  4954 | D:5      | Noticed sanka's ghost (novice DjCA)
  5050 | D:5      | Found a staircase to the Ecumenical Temple.
  5232 | D:6      | Found a transporter.
  5370 | D:6      | Found a basalt altar of Yredelemnul.
  5383 | D:6      | Found a transporter.
  5399 | D:6      | Reached XP level 8. HP: 48/48 MP: 3/12
  5482 | D:6      | Noticed Jazqba's ghost (novice HOIE)
  5760 | D:6      | Reached skill level 6 in Dodging
  5905 | D:6      | Reached skill level 5 in Fighting
  6159 | D:6      | Found a broken altar of Ashenzari.
  6203 | D:7      | Noticed a yak
  6204 | D:7      | Noticed a yak
  6249 | D:6      | Killed a yak
  6464 | D:7      | Noticed a yak
  6468 | D:7      | Noticed a yak
  6507 | D:6      | Killed a yak
  6508 | D:6      | Reached skill level 7 in Dodging
  6630 | D:6      | Killed a yak
  6631 | D:6      | Reached skill level 8 in Dodging
  6631 | D:6      | Reached XP level 9. HP: 48/55 MP: 5/13
  6887 | D:7      | Found a white marble altar of Elyvilon.
  6924 | D:7      | Reached skill level 9 in Dodging
  7223 | D:7      | Noticed a four-headed hydra
  7360 | D:7      | Killed a four-headed hydra
  7361 | D:7      | Reached skill level 10 in Dodging
  7599 | D:7      | Learned a level 5 spell: Freezing Cloud
  7696 | D:7      | Offered knowledge of Static Discharge by Vehumet.
  7697 | D:7      | Reached skill level 1 in Air Magic
  7899 | D:7      | Reached ** piety under Vehumet
  8513 | D:8      | Reached XP level 10. HP: 22/60 MP: 10/16
  9039 | D:8      | Noticed Harold
  9080 | D:7      | Mangled by Harold

Illustrated notes

Levels and vault maps discovered:
D:1:      minmay_arrival_three_doors, layout_basic, serial_shops,
          nicolae_shop_temple_entry_statues_fountains
D:2:      layout_loops_cross, uniq_jessica, uniq_robin, uniq_sigmund
D:3:      layout_loops_corners, jmf_multi_god_temple,
          ebering_ecumenical_altar_ruins, ebering_ghost_rock_garden,
          uniq_natasha, uniq_grinder
D:4:      layout_cave_pools, grunt_temple_overflow_open,
          kennysheep_opposing_triangles
D:5:      layout_rooms, minmay_temple_entry_ruins, gammafunk_ghost_necromancy
D:6:      layout_cave_pools, mainiacjoe_overflow_big_doors,
          gammafunk_ghost_arena
D:7:      layout_loops_ring, nicolae_elyvilon_temple_path
D:8:      layout_basic, erik_lair_island, nicolae_shop_gadgets, uniq_harold

Skill      XL: |  1  2  3  4  5  6  7  8  9 10 |
---------------+-------------------------------+-----
Fighting       | 1 2 3 4 6 |  6.0
Dodging        | 3 4 5 8 10 | 10.0
Conjurations   | 2 7 8 9 |  9.8
Spellcasting   | 3 4 |  4.3
Air Magic      | 3 4 |  4.0
Short Blades   | |  1.1
Stealth        | |  3.0
Hexes          | |  2.1

Action                   |  1- 3 |  4- 6 |  7- 9 | 10-12 || total
-------------------------+-------+-------+-------+-------++-------
Melee: Dagger            |    14 |       |       |       ||    14
       Kick              |    17 |    18 |    15 |       ||    50
       Peck              |    14 |     9 |     7 |     1 ||    31
       Quarterstaff      |    27 |       |       |       ||    27
       Short sword       |    36 |    96 |    74 |     1 ||   207
       Punch             |       |     1 |       |       ||     1
 Cast: Foxfire           |       |       |   140 |    42 ||   182
       Dazzling Flash    |       |       |     2 |       ||     2
Evoke: Wand              |       |    10 |     8 |     4 ||    22
  Use: Potion            |       |       |     1 |       ||     1
 Stab: Sleeping          |     4 |     6 |     1 |       ||    11
       Invisible         |       |       |     8 |       ||     8
Armor: Robe              |     9 |    14 |     8 |     2 ||    33
Dodge: Dodged            |    49 |    70 |   106 |    15 ||   240
